 Dungeon Crawl Stone Soup version 0.30.0-11-gf55b779eaf (webtiles) character file.

Game seed: 1238765379618209754

576 GigaChad the Chopper (level 7, -18/62 HPs)
             Began as an Armataur Fighter on May 17, 2023.
             Was a Follower of Jiyva.
             Demolished by an ogre
             ... wielding a +0 giant club
              (21 damage)
             ... on level 5 of the Dungeon.
             The game lasted 00:06:24 (3503 turns).

GigaChad the Chopper (Armataur Fighter)             Turns: 3503, Time: 00:06:25

Health: -18/62     AC: 11    Str: 23      XL:     7   Next: 12%
Magic:  7/7        EV:  4    Int:  3 (8)  God:    Jiyva [*.....]
Gold:   253        SH:  4    Dex:  8 (10) Spells: 6/6 levels left

rFire   . . .        a - +0 war axe
rCold   . . .        c - +0 buckler
rNeg    . . .        s - +1 plate armour
rPois   .            (no helmet)
rElec   .            (no cloak)
rCorr   .            (no gloves)
SInv    .            (no barding)
Will    .....        j - amulet of regeneration Stlth
                     (no ring)
HPRegen 1.90/turn    (no ring)
MPRegen 0.35/turn

%: roll
@: lethally poisoned (-18 -> -19)
A: large, rugged brown scales 3, deformed body, armoured tail, roll, long
tongue, awkward tongue
a: Renounce Religion


You were on level 5 of the Dungeon.
You worshipped Jiyva.
Jiyva was aware of your devotion.
You visited 1 branch of the dungeon, and saw 5 of its levels.
You also visited: Sewer.

You collected 253 gold pieces.

Inventory:

Hand Weapons
 a - a +0 war axe (weapon)
Armour
 b - a +0 scale mail
 c - a +0 buckler (worn)
 s - a +1 plate armour (worn)
Jewellery
 j - an amulet of regeneration (around neck)
 l - an amulet of guardian spirit
Wands
 t - a wand of roots (8)
Scrolls
 e - a scroll of noise
 i - 2 scrolls of teleportation
 m - a scroll of fear
 p - 3 scrolls of blinking
Potions
 d - 2 potions of might
 f - a potion of degeneration
 g - a potion of flight
 h - 3 potions of curing (quivered)
 k - a potion of haste {unknown}
 n - a potion of magic {unknown}
 o - 4 potions of attraction {unknown}
 q - 2 potions of mutation {unknown}
 r - a potion of cancellation {unknown}
 u - a potion of brilliance {unknown}


   Skills:
 * Level 3.8 Fighting
 * Level 5.0 Axes
 * Level 4.9 Armour
 - Level 0.6 Dodging
 * Level 4.2 Shields


You had 6 spell levels left.
You didn't know any spells.
Your spell library contained the following spells:

 Spells                   Type           Power      Damage    Failure   Level
 Slow                     Hex            0%         N/A       100%        1
 Confusing Touch          Hex            0%         N/A       100%        3
 Ignite Poison            Fire/Tmut/Pois 0%         N/A       100%        3
 Vampiric Draining        Necr           0%         2d6       100%        3
 Manifold Assault         Tloc           0%         N/A       100%        4
 Alistair's Intoxication  Tmut/Pois      0%         N/A       100%        5
 Summon Forest            Summ/Tloc      0%         N/A       100%        5


Dungeon Overview and Level Annotations

Branches:
Dungeon (5/15)              Sewer (visited)
 Temple: D:4-7

Altars:
Kikubaaqudgha

Shops:
D:2 (

Annotations:
D:5 Sigmund


Innate Abilities, Weirdness & Mutations

You are completely covered in rugged brown scales. (AC +3, +7% HP)
Armour fits poorly on your strangely shaped body.
You have a long armoured tail.
You roll when moving toward enemies. (Rampage)
Your long tongue fully drains potion bottles. (2x potion effects)
Your tongue gives you trouble enunciating. (1.5x scroll delay)


Message History

Sigmund is severely wounded.
You feel very sick. Sigmund barely misses you.
You closely miss Sigmund.
Your tail-slap misses Sigmund.
Sigmund is severely wounded.
You feel very sick. Sigmund barely misses you.
You closely miss Sigmund.
Sigmund is severely wounded.
You feel sick.
Sigmund mumbles some strange words.
Sigmund flickers and vanishes!
Deactivating autopickup; reactivate with Ctrl-A.
You hear a shout!
You miss something.
You feel sick. Something hits you but does no damage.
You are more poisoned.
Unknown command.
Unknown command.
You miss something.
Your tail-slap misses something.
You feel sick.
An ogre comes into view. It is wielding a +0 giant club.
Something hits you but does no damage.
You are more poisoned.
Unknown command.
You closely miss something.
Your tail-slap misses something.
You feel very sick. Something hits you but does no damage.
Unknown command.
You closely miss something. You hit the ogre.
You feel very sick.
The ogre hits you with a +0 giant club!!
You miss something. You hit the ogre.
You feel very sick.
You hear some strange, mumbled words.
Something tries to affect you, but you resist.
The ogre hits you with a +0 giant club!!
* * * LOW HITPOINT WARNING * * *
Something hits you but does no damage.
You closely miss something. You hit the ogre.
You feel sick.
The ogre hits you with a +0 giant club!!
You die...

##..##.#
#..###.#
#..###.#
##..##.#
#...#.#####
##........#
#..#####.###
##.##......#
#.O@{#
#.#### #..
.... #.####
.. ##. #.


You could see an ogre.

Vanquished Creatures
  Edmund (D:4)
  An orc priest (D:3)
  2 hounds
  A gnoll bouda (D:4)
  An iguana (D:3)
  Ijyb (D:4)
  2 orc wizards
  Robin (D:3)
  5 gnolls
  4 adders
  A river rat (Sewer)
  An ufetubus (D:4)
  3 worms
  9 orcs
  16 endoplasms
  7 giant cockroaches
  20 goblins
  11 hobgoblins
  A jackal (D:3)
  6 quokkas
  4 ball pythons
  3 bats
  7 frilled lizards
  3 kobolds
  6 rats
117 creatures vanquished.

Vanquished Creatures (others)
  Terence (D:3)
  2 gnolls (D:3)
  An adder (D:3)
  A dart slug (D:3)
  A quokka (D:3)
  2 ball pythons
  A frilled lizard (Sewer)
9 creatures vanquished.

Grand Total: 126 creatures vanquished

Notes
Turn   | Place    | Note
-------+----------+-------------------------------------------
     0 | D:1      | GigaChad the Armataur Fighter began the quest for the Orb.
     0 | D:1      | Reached XP level 1. HP: 19/19 MP: 1/1
   151 | D:1      | Reached XP level 2. HP: 27/27 MP: 2/2
   577 | D:2      | Found an ancient bone altar of Kikubaaqudgha.
   723 | D:2      | Reached skill level 2 in Axes
   781 | D:2      | Found Techonk's Weapon Shoppe.
   824 | D:2      | Reached XP level 3. HP: 33/33 MP: 3/3
  1414 | D:3      | Reached XP level 4. HP: 40/40 MP: 4/4
  1496 | D:3      | Reached skill level 3 in Axes
  1738 | D:3      | Reached XP level 5. HP: 48/48 MP: 5/5
  1777 | D:3      | Found a glowing drain.
  1790 | Sewer    | Entered a sewer
  1879 | Sewer    | Found a viscous altar of Jiyva.
  1899 | Sewer    | Became a worshipper of Jiyva Jiocaij the Shapeless
  2003 | D:3      | Got the Collected Works on Intoxication and Distance
  2159 | D:3      | Reached skill level 4 in Axes
  2198 | D:3      | Noticed Robin
  2213 | D:3      | Killed Robin
  2214 | D:3      | Reached XP level 6. HP: 11/54 MP: 6/6
  2464 | D:3      | Killed Terence
  2823 | D:4      | Reached * piety under Jiyva
  2933 | D:4      | Noticed Edmund
  2951 | D:4      | Killed Edmund
  2952 | D:4      | Reached skill level 5 in Axes
  2952 | D:4      | Reached XP level 7. HP: 24/62 MP: 7/7
  3286 | D:4      | Noticed Ijyb
  3293 | D:4      | Killed Ijyb
  3455 | D:5      | Entered Level 5 of the Dungeon
  3486 | D:5      | Noticed Sigmund
  3502 | D:5      | HP: 3/62 [ogre/+0 giant club (24)]
  3503 | D:5      | Demolished by an ogre

Illustrated notes

Levels and vault maps discovered:
D:1:      dpeg_arrival_windows_large_door, layout_rooms, serial_bayou_pond_c
D:2:      layout_loops_ring, serial_shops, shop, basic_altar,
          minmay_increasing_density
D:3:      layout_loops_cross, portal_sewer_entry_d,
          minmay_fractal_squares_diagonal_5, uniq_terence, uniq_robin
D:4:      layout_rooms, minmay_diced_spiral, uniq_edmund, uniq_ijyb
D:5:      layout_loops_cross, minmay_misc_feat_x, uniq_sigmund

Skill      XL: |  1  2  3  4  5  6 |
---------------+-------------------+-----
Fighting       | 3 |  3.8
Axes           | 2 3 4 5 |  5.0
Armour         | 4 |  4.9
Shields        | 4 |  4.2
Dodging        | |  0.6

Action                     |  1- 3 |  4- 6 |  7- 9 || total
---------------------------+-------+-------+-------++-------
  Melee: War axe           |   116 |   221 |    28 ||   365
         Tailslap          |     7 |    23 |     1 ||    31
    Use: Scroll            |     5 |     6 |       ||    11
         Potion            |       |     1 |       ||     1
 Armour: Scale mail        |    67 |     6 |       ||    73
         Plate armour      |       |   130 |    10 ||   140
  Dodge: Dodged            |    48 |    35 |     5 ||    88
  Block: Buckler           |    17 |    38 |     4 ||    59
